 Dungeon Crawl Stone Soup version 0.16.1-2-g95b8d4c (webtiles) character file.

14 Chiseanne the Caller (level 2, 0/19 HPs)
             Began as a Formicid Summoner on Mar 26, 2015.
             Slain by a worm (10 damage)
             ... on level 2 of the Dungeon.
             The game lasted 00:04:16 (910 turns).

Chiseanne the Caller (Formicid Summoner)             Turns: 910, Time: 00:04:17

Health: 0/19       AC:  3    Str: 12    XL:     2   Next: 60%
Magic:  1/6        EV: 11    Int: 14    God:
Gold:   107        SH:  3    Dex: 11    Spells: 2 memorised, 2 levels left

rFire  + . .     SeeInvis +     a - +2 short sword (venom)
rCold  . . .     Clarity  .     p - +0 robe
rNeg   . . .     SustAb   .     k - +0 buckler
rPois  .         Gourm    .     (helmet unavailable)
rElec  .         Spirit   .     (no cloak)
rCorr  .         Warding  .     h - +0 pair of gloves
rMut   .         Stasis   +     (no boots)
MR     .....                    (no amulet)
Stlth  +++.......               l - ring of protection from fire
                                d - ring of stealth

@: not resistant to hostile enchantments, fairly stealthy
A: permanent stasis, dig shafts and tunnels, four strong arms, antennae 3
a: Dig, Shaft Self


You were on level 2 of the Dungeon.
You were hungry.

You visited 1 branch of the dungeon, and saw 2 of its levels.

You collected 107 gold pieces.

Inventory:

Hand weapons
 a - a +2 short sword of venom (weapon)
Missiles
 g - 16 poisoned needles
Armour
 h - a +0 pair of gloves (worn)
 k - a +0 buckler (worn)
 p - a +0 robe (worn)
Jewellery
 d - a ring of stealth (left hand)
 l - a ring of protection from fire (right hand)
Potions
 e - a potion of lignification {unknown}
 j - a potion of curing {unknown}
 o - a potion of ambrosia {unknown}
Books
 b - a book of Callings

   Spells                             Type                      Level
   a - Summon Small Mammal            Summoning                    1
   b - Call Imp                       Summoning                    2
   c - Call Canine Familiar           Summoning                    3
   d - Summon Guardian Golem          Hexes/Summoning              4
   e - Summon Lightning Spire         Summoning/Air                4
   f - Summon Ice Beast               Ice/Summoning                4
Comestibles
 c - a bread ration
 f - a chunk of flesh


   Skills:
 - Level 1.7 Dodging
 - Level 2.4 Stealth
 * Level 0.2 Shields
 * Level 2.3 Spellcasting
 * Level 4.4 Summonings


You had 2 spell levels left.
You knew the following spells:

 Your Spells              Type           Power        Failure   Level  Hunger
a - Summon Small Mammal   Summ           ##..         8%          1    #......
b - Call Imp              Summ           ##......     10%         2    ###....


Dungeon Overview and Level Annotations

Branches:
Dungeon (2/15)

Altars:


Innate Abilities, Weirdness & Mutations

You are under a permanent stasis effect.
You can dig through walls and to a lower floor.
Your four strong arms can wield two-handed weapons with a shield.
You have a pair of large antennae on your head (SInv).


Message History

Confirm with . or Enter, or press ? or * to list all spells.
Your bat hits the worm but does no damage.
The worm barely misses your bat.
Your bat disappears in a puff of smoke!
Your bat hits the worm.
Your crimson imp closely misses the worm.
Your bat barely misses the worm.
Your crimson imp blinks!
Your bat hits the worm.
You aren't carrying any items that can be evoked.
Unknown command.
Your bat hits the worm but does no damage.
Your bat barely misses the worm.
You barely miss the worm.
The worm is lightly wounded.
Your bat barely misses the worm.
Your crimson imp hits the worm.
Your crimson imp barely misses the worm.
The worm bites you!
Ouch! That really hurt!
You die...

#.# #.# #.#
.##.#
....##########
#..........#.#
#.###@5#....)..
#.#..w...#
#<#...)###.#
#...b......#
###....###.#
#.#.## ####..
.... ..).


You could see a worm, a friendly crimson imp and a friendly bat.

Vanquished Creatures
  2 goblins (D:1)
  3 hobgoblins (D:1)
  A bat (D:1)
  A kobold (D:1)
7 creatures vanquished.

Vanquished Creatures (collateral kills)
  2 bats (D:1)
  2 goblins (D:1)
  A hobgoblin (D:2)
  A ball python (D:1)
  A giant newt (D:1)
  A kobold (D:2)
  A rat (D:1)
9 creatures vanquished.

Vanquished Creatures (others)
  2 quokkas (D:2)
  2 rats
4 creatures vanquished.

Grand Total: 20 creatures vanquished

Notes
Turn   | Place    | Note
--------------------------------------------------------------
     0 | D:1      | Chiseanne, the Formicid Summoner, began the quest for the Orb.
     0 | D:1      | Reached XP level 1. HP: 13/13 MP: 3/3
     2 | D:1      | Noticed a human
     2 | D:1      | Noticed an ogre
     4 | D:1      | Noticed an octopode
     4 | D:1      | Noticed a vampire
     6 | D:1      | Noticed a formicid
     6 | D:1      | Noticed a minotaur
     8 | D:1      | Noticed a demonspawn
     8 | D:1      | Noticed a felid
    10 | D:1      | Noticed a draconian
    12 | D:1      | Noticed a gargoyle
    12 | D:1      | Noticed a centaur
    14 | D:1      | Noticed a spriggan
    16 | D:1      | Noticed a demigod
    16 | D:1      | Noticed a tengu
    20 | D:1      | Noticed a troll
    20 | D:1      | Noticed a merfolk
    22 | D:1      | Noticed a dwarf
    24 | D:1      | Noticed a naga
    24 | D:1      | Noticed a ghoul
    26 | D:1      | Noticed an elf
    26 | D:1      | Noticed a vine stalker
   103 | D:1      | Reached XP level 2. HP: 19/19 MP: 1/5
   261 | D:1      | Learned a level 2 spell: Call Imp
   910 | D:2      | Slain by a worm

Action                   || total
-------------------------++-------
Melee: Unarmed           ||     4
       Short sword       ||    12
       Dagger            ||     3
 Cast: Summon Small Mamm ||    18
       Call Imp          ||     3
 Abil: Dig               ||    18
  Use: Scroll            ||     4
  Eat: Chunk             ||     2
